 Dungeon Crawl Stone Soup version 0.29.1-12-g30fa7ad0bf (webtiles) character file.

Game seed: 15722476374383291770

13 mopl the Chopper (level 2, -1/22 HPs)
             Began as a Formicid Warper on Jan 15, 2023.
             Frozen to death by an endoplasm (2 damage)
             ... on level 1 of the Dungeon.
             The game lasted 00:00:42 (876 turns).

mopl the Chopper (Formicid Warper)                   Turns: 876, Time: 00:00:42

Health: -1/22      AC:  5    Str: 15    XL:     2   Next: 50%
Magic:  5/5        EV: 11    Int: 12    God:
Gold:   46         SH:  0    Dex: 13    Spells: 5/5 levels left

rFire   . . .      SeeInvis +   a - +0 hand axe
rCold   . . .      Faith    .   (no shield)
rNeg    . . .      Spirit   .   h - +0 ring mail
rPois   .          Reflect  .   (helmet unavailable)
rElec   .          Harm     .   (no cloak)
rCorr   .          Rampage  .   (no gloves)
Will    .....                   (no boots)
Stlth   +.........              (no amulet)
HPRegen 0.07/turn               (no ring)
MPRegen 0.09/turn               (no ring)

@: no status effects
A: permanent stasis, dig shafts and tunnels, antennae 3, four strong arms
a: Dig, Shaft Self


You were on level 1 of the Dungeon.
You visited 1 branch of the dungeon, and saw 1 of its levels.

You collected 46 gold pieces.

Inventory:

Hand Weapons
 a - a +0 hand axe (weapon)
Missiles
 c - 7 boomerangs of dispersal (quivered)
Armour
 h - a +0 ring mail (worn)
Scrolls
 f - 2 scrolls of blinking {unknown}
 g - 2 scrolls of immolation {unknown}
Potions
 b - a potion of mutation {unknown}
 d - 2 potions of might {unknown}
 e - a potion of resistance {unknown}


   Skills:
 - Level 2.1 Fighting
 * Level 3.0 Axes
 - Level 1.0 Throwing
 - Level 1.1 Armour
 - Level 1.7 Dodging
 - Level 2.1 Spellcasting
 - Level 2.6 Translocations


You had 5 spell levels left.
You didn't know any spells.
Your spell library contained the following spells:

 Spells                   Type           Power      Damage    Failure   Level
 Gell's Gravitas          Tloc           7%         N/A       47%         3
 Lesser Beckoning         Tloc           7%         N/A       47%         3
 Teleport Other           Tloc           7%         N/A       47%         3
 Manifold Assault         Tloc           7%         N/A       99%         5
 Blink                    Tloc           Unusable   N/A       N/A         2

Dungeon Overview and Level Annotations

Branches:
Dungeon (1/15)

Altars:


Innate Abilities, Weirdness & Mutations

You cannot be hasted, slowed, berserked, paralysed or teleported.
You can dig through walls and to a lower floor.
You have a pair of large antennae on your head. (SInv)
Your four strong arms can wield two-handed weapons with a shield.


Message History

You sense a monster nearby.
No target in view!
You open the door.
A hobgoblin comes into view.
The hobgoblin shouts!
An endoplasm comes into view.
Found a blue potion.
The endoplasm quivers.
There is an open door here.
The hobgoblin closely misses you.
You hit the endoplasm but do no damage. You closely miss the hobgoblin.
The endoplasm hits you but does no damage.
The hobgoblin hits you but does no damage.
You hit the endoplasm.
The endoplasm is moderately wounded.
You closely miss the hobgoblin. The hobgoblin hits you.
The endoplasm freezes you.
You are frozen.
You barely miss the endoplasm.
The endoplasm is moderately wounded.
You closely miss the hobgoblin. The hobgoblin hits you.
The endoplasm freezes you.
You are frozen.
The endoplasm freezes you.
You are frozen.
* * * LOW HITPOINT WARNING * * *
The hobgoblin hits you but does no damage.
You hit the endoplasm but do no damage.
The endoplasm is moderately wounded.
You hit the hobgoblin but do no damage. The hobgoblin barely misses you.
The endoplasm freezes you.
You are frozen.
* * * LOW HITPOINT WARNING * * *
Unknown command.
You hit the endoplasm but do no damage.
The endoplasm is moderately wounded.
You closely miss the hobgoblin. The hobgoblin barely misses you.
The endoplasm freezes you.
You are frozen.
You die...

##.. ## #+# #.#
##...## #.#
##.....## #.####
##.......###.##.##
#.........##.#...##
+.........+.......#
#.........####....#
#...Jg..# ##.#.#
#.!.@.# ###.#
##...## #.# ##'##
#.# #.####### #.#
#.......# #.#
##..####.# #.#
##........# #.#
{#.........#####.#
##..............#


You could see an endoplasm and a hobgoblin.

Vanquished Creatures
  A ball python (D:1)
  A bat (D:1)
  3 endoplasms (D:1)
  2 giant cockroaches (D:1)
  A goblin (D:1)
  A hobgoblin (D:1)
  A rat (D:1)
10 creatures vanquished.

Notes
Turn   | Place    | Note
-------+----------+-------------------------------------------
     0 | D:1      | mopl the Formicid Warper began the quest for the Orb.
     0 | D:1      | Reached XP level 1. HP: 16/16 MP: 3/3
   333 | D:1      | Reached XP level 2. HP: 20/22 MP: 5/5
   738 | D:1      | Found a faded altar of an unknown god.
   746 | D:1      | Reached skill level 3 in Axes
   875 | D:1      | HP: 1/22 [frozen (5)]
   876 | D:1      | Frozen to death by an endoplasm

Illustrated notes

Levels and vault maps discovered:
D:1:      spicycebolla_arrival_xxxplode, layout_loops_corners,
          dreamdust_ecumenical_altar_angels_and_demons

Skill      XL: |  1  2 |
---------------+-------+-----
Axes           | 3 |  3.0
Fighting       | |  2.1
Throwing       | |  1.0
Armour         | |  1.1
Dodging        | |  1.7
Spellcasting   | |  2.1
Translocations | |  2.6

Action                   || total
-------------------------++-------
Melee: Hand axe          ||    47
       Punch             ||     2
Armor: Leather armour    ||    24
       Ring mail         ||     3
Dodge: Dodged            ||    34
